 Dungeon Crawl Stone Soup version 0.31-a0-219-g8d62b2e7bb (webtiles) character file.

Game seed: 745182795544732312

52 sanka the Conjurer (level 3, -3/26 HPs)
             Began as a Demigod Conjurer on July 3, 2023.
             Slain by a black bear (4 damage)
             ... on level 4 of the Dungeon.
             The game lasted 00:03:46 (2244 turns).

sanka the Conjurer (Demigod Conjurer)               Turns: 2244, Time: 00:03:46

Health: -3/26      AC:  3    Str:  8    XL:     3   Next: 39%
Magic:  0/8        EV: 12    Int: 30    God:
Gold:   155        SH:  0    Dex: 12    Spells: 3/6 levels left

rFire   . . .        e - +0 hand axe
rCold   . . .        (no shield)
rNeg    . . .        a - +0 robe
rPois   .            (no helmet)
rElec   .            (no cloak)
rCorr   .            (no gloves)
SInv    .            j - +0 pair of boots
Will    .....        (no amulet)
Stlth   ++           (no ring)
HPRegen 0.24/turn    x - +6 ring of intelligence
MPRegen 0.11/turn

%: no passive effects
@: no status effects
A: high MP 1, forlorn, divine attributes
a: no special abilities


You were on level 4 of the Dungeon.
You visited 1 branch of the dungeon, and saw 4 of its levels.

You collected 155 gold pieces.


Innate Abilities, Weirdness & Mutations

You have an increased reservoir of magic. (+10% MP)
You shall have no god before yourself.
Your divine heritage dramatically boosts your attributes as you level up.


   Skills:
 - Level 1.7 Dodging
 - Level 1.7 Stealth
 - Level 2.0 Spellcasting
 + Level 4.8 Conjurations


You had 3 spell levels left.
You knew the following spells:

 Your Spells              Type           Power      Damage    Failure   Level
x - Searing Ray           Conj           62%        2d6       1%          2
z - Magic Dart            Conj           100%       1d8       1%          1

Your spell library contained the following spells:

 Spells                   Type           Power      Damage    Failure   Level
 Apportation              Tloc           6%         N/A       8%          1
 Dazzling Flash           Conj/Hex       34%        N/A       9%          3
 Fulminant Prism          Conj/Hex       8%         3d6       30%         4
 Iskenderun's Mystic Bla  Conj/Tloc      17%        2d5       30%         4
 Iskenderun's Battlesphe  Conj           31%        2d8       30%         5
 Alistair's Intoxication  Tmut/Pois      2%         N/A       91%         5
 Leda's Unmaking          Conj/Erth      8%         9d2       99%         6
 Spellforged Servitor     Conj/Summ      8%         N/A       100%        7

Inventory:

Hand Weapons
 e - a +0 hand axe (weapon)
Missiles
 d - 2 boomerangs
Armour
 a - a +0 robe (worn)
 j - a +0 pair of boots (worn)
Jewellery
 p - an amulet of guardian spirit
 w - a +6 ring of strength
 x - a +6 ring of intelligence (right hand)
Wands
 n - a wand of paralysis (13)
 u - a wand of flame (10)
Scrolls
 c - a scroll of enchant weapon {unknown}
 f - a scroll of brand weapon {unknown}
 g - a scroll of blinking {unknown}
 h - 3 scrolls of teleportation {unknown}
 i - 2 scrolls of fog {unknown}
 k - a scroll of noise {unknown}
 l - a scroll of identify {unknown}
 r - a scroll of vulnerability {unknown}
 s - 2 scrolls of poison {unknown}
 t - a scroll of revelation {unknown}
Potions
 b - a potion of magic
 m - a potion of ambrosia {unknown}
 o - a potion of degeneration {unknown}
 q - 2 potions of curing {unknown}
 v - a potion of enlightenment {unknown}

Dungeon Overview and Level Annotations

Branches:
Dungeon (4/15)
 Temple: D:4-7

Annotations:
D:4 2 transporters, Ymiko097's ghost, amateur DrCK

▒........ ▒........
▒...... ▒..h. ▒▒▒ ▒ ▒▒..▒
▒▒▒.. ▒.▒..▒▒▒▒▒▒▒▒▒▒▒▒▒▒
▒.... ▒.......▒.........▒
▒.▒.▒
.>[............▒▒.▒▒▒▒.▒.▒
▒.....▒▒▒.▒▒▒▒.hp....▒.▒.▒
▒.....▒ ▒.▒ ▒▒▒▒.▒▒...▒.▒
▒.....▒ ▒.▒ ▒.▒▒▒▒...▒▒
▒.....▒ ▒.▒ ▒.........▒
....... ... ▒.▒▒▒▒▒▒..▒
▒▒....▒ ▒.▒
....[.....▒▒▒▒▒▒▒ .....▒
..▒ .................
▒...... ▒▒▒▒▒▒▒▒▒▒.▒▒▒▒▒▒
▒........


You could see a black bear (berserk).


Message History

The black bear closely misses you.
The searing ray hits the black bear!
The black bear is severely wounded.
The black bear goes berserk!
The searing ray hits the black bear.
The black bear is almost dead.
You finish channelling your searing ray.
The black bear completely misses you. The black bear claws you.
The black bear barely misses you.
The black bear bites you but does no damage.
The black bear claws you but does no damage.
The black bear misses you.
Unknown command.
Aiming: Searing Ray (safe; 1% risk of failure)
Press: ? - help, Shift-Dir - straight line, f/p - black bear
Aim: a black bear (severely wounded, berserk, 85% to hit)
The searing ray misses the black bear. (Press . to maintain the ray.)
The black bear bites you! The black bear closely misses you.
The black bear claws you.
* * * LOW HITPOINT WARNING * * *
The searing ray hits the black bear but does no damage.
The black bear is severely wounded.
The black bear bites you!
* * * LOW HITPOINT WARNING * * *
The black bear closely misses you. The black bear claws you.
You die...

Action                     || total
---------------------------++-------
  Melee: Unarmed           ||    20
  Throw: Boomerang         ||     7
   Cast: Magic Dart        ||    74
         Searing Ray       ||     2
 Armour: Robe              ||    12
  Dodge: Dodged            ||    32

Levels and vault maps discovered:
D:1:      minmay_arrival_glassed_features, layout_rooms
D:2:      layout_basic, serial_corexii_hall, corexii_hall_statues_i,
          corexii_hall_statues_l, hellmonk_ecumenical_altar_pennies_from_heaven
D:3:      layout_basic, nicolae_overflow_hallway_of_the_gods,
          small_statue_intersection, minivault_19
D:4:      layout_basic, kiku_gazebo_pond_becter, gammafunk_ghost_arena,
          patterned_corridor

Notes
Turn   | Place    | Note
-------+----------+-------------------------------------------
     0 | D:1      | sanka the Demigod Conjurer began the quest for the Orb.
     0 | D:1      | Reached XP level 1. HP: 14/14 MP: 5/5
   160 | D:1      | Reached skill level 2 in Spellcasting
   257 | D:1      | Reached skill level 4 in Conjurations
   260 | D:1      | Reached XP level 2. HP: 18/20 MP: 1/7
   345 | D:1      | Learned a level 2 spell: Searing Ray
  1098 | D:2      | Reached XP level 3. HP: 26/26 MP: 5/8
  2159 | D:4      | Noticed Ymiko097's ghost (amateur DrCK)
  2159 | D:4      | Found a transporter.
  2159 | D:4      | Found a transporter.
  2226 | D:4      | Noticed a black bear
  2244 | D:4      | HP: 1/26 [black bear (8)]
  2244 | D:4      | Slain by a black bear

Vanquished Creatures
  An adder (D:3)
  A dart slug (D:1)
  An orc (D:4)
  6 endoplasms
  A giant cockroach (D:1)
  2 goblins
  2 hobgoblins (D:1)
  3 jackals (D:1)
  2 quokkas
  2 ball pythons
  3 bats
  6 frilled lizards
  5 kobolds
  2 rats
37 creatures vanquished.
